 Dungeon Crawl Stone Soup version bcrawl-1.19.2-6-g6a88ae04c9 (webtiles) character file.

Game seed: 8731127056990666943

22 Anathary the Sneak (level 2, -3/19 HPs)
             Began as an Octopode Rogue on Dec 20, 2019.
             Slain by a kobold
             ... wielding a +0 whip
              (4 damage)
             ... on level 1 of the Dungeon.
             The game lasted 00:01:56 (576 turns).

Anathary the Sneak (Octopode Rogue)                  Turns: 576, Time: 00:01:57

Health: -3/19      AC:  1    Str: 10    XL:     2   Next: 91%
Magic:  3/3        EV: 12    Int: 13    God:
Gold:   1          SH:  0    Dex: 13    Spells: 1/1 levels left

rFire    . . .     SeeInvis .   a - +2 dagger
rCold    . . .     Gourm    .   (no shield)
rNeg     . . .     Faith    .   (helmet restricted)
rPois    .         Spirit   .   (cloak restricted)
rElec    .         Reflect  .   (no amulet)
rCorr    .         Harm     .   (no ring)
MR       .....                  (no ring)
Stlth    ++++......             (no ring)
HPRegen  0.06/turn              (no ring)
MPRegen  0.08/turn              (no ring)
                                (no ring)
                                (no ring)
                                (no ring)

@: no status effects
A: almost no armour, stealthy swim, amphibious, 8 rings, constrict 8, camouflage
1, gelatinous body 1
a: no special abilities


You were on level 1 of the Dungeon.
You were not hungry.

You visited 1 branch of the dungeon, and saw 1 of its levels.

You collected 1 gold pieces.

Inventory:

Hand Weapons
 a - a +2 dagger (weapon)
 b - a +0 blowgun
Missiles
 c - 155 poisoned needles
Jewellery
 h - an uncursed amulet of rage
Wands
 d - a wand of flame (15)
 e - a wand of enslavement (15)
Potions
 g - a potion of curing {unknown}
 i - a potion of magic {unknown}
Comestibles
 f - a ration {!d}


   Skills:
 - Level 2.0 Fighting
 - Level 2.0 Short Blades
 + Level 7.0 Stealth
 - Level 2.1 Evocations


You had one spell level left.
You didn't know any spells.
Your spell library was empty.

Dungeon Overview and Level Annotations

Branches:
Dungeon (1/12)

Altars:


Innate Abilities, Weirdness & Mutations

You cannot wear most types of armour.
You are very stealthy in the water. (Stealth+)
You are amphibious.
You can wear up to eight rings at the same time.
You can use your tentacles to constrict eight enemies at once.
Your skin changes colour to match your surroundings (Stealth+).
Your rubbery body absorbs attacks. (AC +1, EV +1)


Message History

You hit the hobgoblin. You grab the hobgoblin.
The hobgoblin is heavily wounded.
You constrict the hobgoblin. You closely miss the hobgoblin.
You grab the hobgoblin. You constrict the hobgoblin.
You kill the hobgoblin!
You constrict the hobgoblin. The hobgoblin hits you with a +0 club.
* * * LOW HITPOINT WARNING * * *
The kobold hits you with a +0 whip.
* * * LOW HITPOINT WARNING * * *
The kobold misses you.
You barely miss the kobold. You grab the kobold. You constrict the kobold.
You constrict the hobgoblin. The hobgoblin misses you. The kobold misses you.
The kobold barely misses you.
You closely miss the kobold. You grab the kobold. You constrict the kobold.
You kill the kobold!
You constrict the hobgoblin.
You constrict the kobold, but do no damage.
The hobgoblin closely misses you. The kobold hits you with a +0 whip.
You die...

............ ...........
..... . ..........#
#....######.
#..........###.#..#......
#..........#......#......
#............#.#......^..
#......K)g..##...........
#......)@...##...........
.........................
............##..(........
######.##.....#......... #
##.#........#......... # ###
#..#........#......... # #<##
##.##.....[....#..###). #
#..####..##...>......#.##....
###
##....##..#........#......#..


You could see a hobgoblin and a kobold.

Vanquished Creatures
  A worm (D:1)
  A giant cockroach (D:1)
  3 goblins (D:1)
  4 hobgoblins (D:1)
  2 bats (D:1)
  A frilled lizard (D:1)
  3 kobolds (D:1)
  3 rats (D:1)
18 creatures vanquished.

Notes
Turn   | Place    | Note
-------+----------+-------------------------------------------
     0 | D:1      | Anathary the Octopode Rogue began the quest for the Orb.
     0 | D:1      | Reached XP level 1. HP: 14/14 MP: 2/2
    72 | D:1      | Reached skill level 6 in Stealth
   252 | D:1      | Reached XP level 2. HP: 16/19 MP: 3/3
   570 | D:1      | Reached skill level 7 in Stealth
   576 | D:1      | Slain by a kobold

Skill      XL: |  1  2 |
---------------+-------+-----
Stealth        | 6 7 |  7.0
Fighting       | |  2.0
Short Blades   | |  2.0
Evocations     | |  2.1

Action                   || total
-------------------------++-------
Melee: Dagger            ||    40
       Constrict         ||     9
       Tentacles         ||     4
 Stab: Sleeping          ||     4
Armor: Skin              ||     2
Dodge: Dodged            ||    27
